 Dungeon Crawl Stone Soup version 0.18-a0-1084-g259f6cf (webtiles) character file.

237 Fv001 the Shield-Bearer (level 6, -15/38 HPs)
             Began as a Gargoyle Fighter on Jan 15, 2016.
             Demolished by an ogre
             ... wielding a +0 giant club
              (27 damage)
             ... on level 4 of the Dungeon.
             The game lasted 00:07:14 (1938 turns).

Fv001 the Shield-Bearer (Gargoyle Fighter)          Turns: 1938, Time: 00:07:14

Health: -15/38     AC: 11    Str: 20    XL:     6   Next: 6%
Magic:  6/6        EV:  8    Int:  9    God:
Gold:   141        SH:  9    Dex: 10    Spells: 0 memorised, 5 levels left

rFire  . . .     SeeInvis .     a - +0 flail
rCold  . . .     Gourm    .     b - +0 scale mail
rNeg   + . .     Faith    .     c - +0 shield
rPois  ∞         Spirit   .     (no helmet)
rElec  +         Dismiss  .     (no cloak)
rCorr  .         Reflect  .     (no gloves)
SustAt .         Harm     .     (no boots)
MR     .....                    (no amulet)
Stlth  ..........               (no ring)
                                (no ring)

@: not resistant to hostile enchantments, extremely unstealthy
A: negative energy resistance 1, electricity resistance, unbreathing,
petrification resistance, rot immunity, AC +4
a: no special abilities


You were on level 4 of the Dungeon.
You were not hungry.

You visited 1 branch of the dungeon, and saw 4 of its levels.

You collected 141 gold pieces.

Inventory:

Hand Weapons
 a - a +0 flail (weapon)
Missiles
 v - 59 stones (quivered)
Armour
 b - a +0 scale mail (worn)
 c - a +0 shield (worn)
Scrolls
 h - 3 scrolls of fog {unknown}
 i - 4 scrolls of remove curse {unknown}
 m - a scroll of noise {unknown}
 n - 3 scrolls of identify {unknown}
 o - 2 scrolls of enchant weapon {unknown}
 p - 2 scrolls of teleportation {unknown}
 r - a scroll of enchant armour {unknown}
Potions
 e - 3 potions of curing {unknown}
 j - a potion of flight {unknown}
 k - a potion of lignification {unknown}
 q - 3 potions of cure mutation {unknown}
 s - a potion of haste {unknown}
 t - a potion of brilliance {unknown}
 u - a potion of agility {unknown}
Comestibles
 f - 2 bread rations
 g - a chunk of flesh
 l - a meat ration


   Skills:
 + Level 4.2 Fighting
 + Level 3.0 Maces & Flails
 + Level 4.3 Armour
 + Level 1.2 Dodging
 + Level 1.6 Stealth
 * Level 4.6 Shields


You had 5 spell levels left.
You didn't know any spells.

Dungeon Overview and Level Annotations

Branches:
Dungeon (4/15)
 Temple: D:4-7

Altars:
Ashenzari


Innate Abilities, Weirdness & Mutations

You are resistant to torment.
Your stone body is resilient (AC +4).
You are immune to poison.
You resist negative energy.
You are resistant to electric shocks.
You can survive without breathing.
You are immune to petrification.
You are immune to rotting.


Message History

You have reached level 6!
Your experience leads to an increase in your attributes!
Increase (S)trength, (I)ntelligence, or (D)exterity?
You feel agile. The ogre hits you with a giant club.
Drink which item? (? for menu, Esc to quit)
Okay, then.
Your shield and scale mail prevent you from hitting the ogre.
You block the ogre's attack.
You hit the ogre.
The ogre is moderately wounded.
The ogre hits you with a giant club!
You thump the ogre!
The ogre is heavily wounded.
The ogre hits you with a giant club.
You hit the ogre.
The ogre is severely wounded.
The ogre hits you with a giant club!!
Ouch! That really hurt!
You die...

#.#...(.....# #.# ##
#.#.#######.# #.#
#....######.# #.#
#..#........#######<#
#....#####...........
#.......##...##.#..##
###.###.............
#. ##.#...####.####.#
#.
###.#..gggO@.......
#.
#.......####.####.#
#. #.###...####.# #.
.. #......... ##
#......>.##
#....g%#######
#.#.##.# #.# #.# ...
...


You could see an ogre and 3 gnolls.

Vanquished Creatures
  An ogre (D:3)
  A worker ant (D:4)
  8 adders
  2 worms
  2 giant geckos
  An orc (D:3)
  5 giant cockroaches
  5 goblins
  9 hobgoblins
  6 kobolds
  A ball python (D:3)
  8 bats
  3 giant newts
  8 rats
60 creatures vanquished.

Notes
Turn   | Place    | Note
--------------------------------------------------------------
     0 | D:1      | Fv001 the Gargoyle Fighter began the quest for the Orb.
     0 | D:1      | Reached XP level 1. HP: 14/14 MP: 1/1
    91 | D:1      | Reached XP level 2. HP: 19/19 MP: 2/2
   390 | D:1      | Reached XP level 3. HP: 23/23 MP: 3/3
   692 | D:2      | Found a shattered altar of Ashenzari.
   908 | D:2      | Reached XP level 4. HP: 15/29 MP: 4/4
  1017 | D:2      | Reached skill level 4 in Armour
  1524 | D:3      | Reached XP level 5. HP: 33/33 MP: 5/5
  1843 | D:4      | Noticed an ogre
  1848 | D:3      | Killed an ogre
  1848 | D:3      | Reached skill level 1 in Dodging
  1848 | D:3      | Reached skill level 1 in Stealth
  1921 | D:4      | Noticed an ogre
  1934 | D:4      | Reached XP level 6. HP: 31/38 MP: 6/6
  1938 | D:4      | Demolished by an ogre

Vault maps used:
D:1:      minmay_arrival_doors, feat_on_display
D:2:      nicolae_ashenzari_panopticon, eino_curves_03
D:4:      corexii_shack_village, minmay_hollow_rounded_squares, uniq_edmund

Action                   |  1- 3 |  4- 6 || total
-------------------------+-------+-------++-------
Melee: Flail             |   160 |   108 ||   268
  Use: Potion            |       |     1 ||     1
  Eat: Chunk             |       |     4 ||     4
